 Dungeon Crawl Stone Soup version 0.31-a0-133-gaae73658be (console) character file.

Game seed: 12280850268794169193

5758 Ignak the Fighter (level 10, 0/87 (107) HPs)
             Began as an Ogre Hedge Wizard on June 2, 2023.
             Slain by a wight
             ... wielding a +2 flail
              (3 damage)
             ... on level 6 of the Dungeon.
             The game lasted 00:24:28 (8432 turns).

Ignak the Fighter (Ogre Hedge Wizard)               Turns: 8432, Time: 00:24:28

HP:   0/87 (107)    AC:  4    Str: 18    XL:     10   Next: 78%
MP:   19/22         EV: 12    Int: 29    God:
Gold: 378           SH:  0    Dex: 11    Spells: 13/26 levels left

rFire   . . .        a - +7 battleaxe
rCold   + . .        (shield currently unavailable)
rNeg    . . .        h - +0 robe
rPois   .            c - +0 hat
rElec   .            q - +0 cloak
rCorr   .            (gloves unavailable)
SInv    .            (boots unavailable)
Will    +....        K - amulet of the Ban {Acrobat rC+ Dex+3}
Stlth   ++           r - +6 ring of intelligence
HPRegen 0.34/turn    t - +6 ring of intelligence
MPRegen 0.18/turn

%: acrobat
@: brilliant, on blink cooldown, heavily drained
A: large, unfitting armour, tough skin 1
a: no special abilities


You were on level 6 of the Dungeon.
You visited 1 branch of the dungeon, and saw 8 of its levels.
You also visited: Bailey.

You collected 423 gold pieces.
You spent 45 gold pieces at shops.

Inventory:

Hand Weapons
 a - a +7 battleaxe (weapon)
 D - a +0 giant spiked club
 M - a +1 hand axe of freezing
Missiles
 k - 5 large rocks (quivered)
 n - 2 poisoned darts
Armour
 c - a +0 hat (worn)
 h - a +0 robe (worn)
 q - a +0 cloak (worn)
Magical Staves
 b - a staff of poison
Jewellery
 r - a +6 ring of intelligence (left hand)
 t - a +6 ring of intelligence (right hand)
 v - a ring of fire
 C - a ring of protection from cold
 J - a ring of wizardry
 K - the amulet of the Ban (around neck) {Acrobat rC+ Dex+3}
   (You found it in a bailey)

   [amulet of the acrobat]

   It increases your evasion while moving and waiting.
   Dex:       It affects your dexterity (+3).
   rC:        It protects you from cold.
Wands
 j - a wand of polymorph (7)
 u - a wand of mindburst (8)
 x - a wand of acid (9)
 B - a wand of roots (1)
Scrolls
 g - 2 scrolls of silence
 m - 5 scrolls of teleportation
 y - a scroll of fear
 E - a scroll of enchant armour
 H - a scroll of acquirement {unknown}
 I - a scroll of blinking {unknown}
 L - a scroll of fog {unknown}
Potions
 i - 2 potions of haste {unknown}
 l - a potion of invisibility {unknown}
 p - 2 potions of brilliance
 s - a potion of resistance {unknown}
 w - a potion of mutation {unknown}
 z - a potion of degeneration {unknown}
 A - a potion of might {unknown}
 F - a potion of attraction {unknown}
 G - a potion of cancellation {unknown}


   Skills:
 + Level 9.5 Fighting
 * Level 6.4(6.5) Axes
 - Level 1.2(3.9) Maces & Flails
 + Level 6.9 Dodging
 - Level 1.4 Stealth
 - Level 1.0 Unarmed Combat
 + Level 8.8 Spellcasting
 - Level 5.0 Conjurations
 - Level 0.8 Summonings
 - Level 3.0 Translocations
 - Level 2.0 Air Magic
 - Level 5.0 Earth Magic
 - Level 2.0 Poison Magic


You had 13 spell levels left.
You knew the following spells:

 Your Spells              Type           Power      Damage    Failure   Level
a - Magic Dart            Conj           100%       1d8       1%          1
b - Blink                 Tloc           90%        N/A       1%          2
d - Mephitic Cloud        Conj/Pois/Air  45%        N/A       3%          3
e - Call Imp              Summ           52%        N/A       4%          2
f - Stone Arrow           Conj/Erth      100%       3d13      1%          3
t - Passwall              Tmut/Erth      34%        N/A       2%          2

Your spell library contained the following spells:

 Spells                   Type           Power      Damage    Failure   Level
 Sandblast                Erth           100%       2d20      1%          1
 Cigotuvi's Dreadful Rot  Necr/Pois/Air  60%        N/A       3%          2
 Slow                     Hex            76%        N/A       4%          1
 Dazzling Flash           Conj/Hex       82%        N/A       4%          3
 Volatile Blastmotes      Fire/Tloc      64%        2d15      7%          3
 Iskenderun's Mystic Bla  Conj/Tloc      52%        2d11      9%          4
 Starburst                Conj/Fire      20%        6d7       93%         6


Dungeon Overview and Level Annotations

Branches:
Dungeon (8/15)             Bailey (visited)
 Temple: D:4-7         Lair: D:8-11

Altars:

Shops:
D:3 [


Innate Abilities, Weirdness & Mutations

You are too large for most types of armour.
You have tough skin. (AC +1)


Message History

There is a stone staircase leading down here.
Casting: Blink (safe; 1% risk of failure)
Confirm with . or Enter, or press ? or * to list all spells.
You blink.
The wight closely misses you.
Press: ? - help, v - describe, . - travel
Here: a wight, wielding a +4 dagger and wearing a +0 robe The floor.
You hit the wight but do no damage. You hit the wight.
The wight hits you with a +4 dagger!
You feel drained. The wight hits you with a +2 flail!
You barely miss the wight. You closely miss the wight.
You feel stable enough to blink again. The wight hits you with a +4 dagger!
You feel drained. The wight hits you with a +2 flail!
* * * LOW HITPOINT WARNING * * *
Casting: Blink (safe; 1% risk of failure)
Confirm with . or Enter, or press ? or * to list all spells.
You blink.
You hit the wight.
The wight is lightly damaged.
The wight closely misses you. The wight hits you with a +4 dagger!
* * * LOW HITPOINT WARNING * * *
You feel drained.
* * * LOW HITPOINT WARNING * * *
The wight hits you with a +2 flail!
* * * LOW HITPOINT WARNING * * *
You feel drained.
* * * LOW HITPOINT WARNING * * *
Unknown command.
Okay, then.
Okay, then.
Okay, then.
Press: ? - help, v - describe, . - travel
Here: a wight, wielding a +2 flail and wearing a +0 robe (lightly damaged)
A stone staircase leading down.
Unknown command.
It was a potion of brilliance.
You feel clever all of a sudden. The wight closely misses you.
The wight hits you with a +2 flail.
You die...

#.###..###.....#.......o..###..#.
#.....####..##...........###...#.
......###..###.#........####...#.
......#....##......[....#.#....##
..........................#....##
.......................##........
...............#.......##.##.....
......................######.....
.#...#..........@..#.##.#.##.....
####.......##...zz...............
##.....#.###..........###......
#.#..#.##..#..........##.......
##..................<.##.......
#.....#.##...............##...
######...####.............[##>...
#..##...## ##.#......#....####..#
.......#####..#.#....#...>......#


You could see 2 wights.

Vanquished Creatures
  An orc warlord (Bailey)
  Sigmund (D:2)
  A water moccasin (D:7)
  An ice beast (D:5)
  3 orc warriors (Bailey)
  A black bear (D:5)
  3 ogres
  5 scorpions
  A hound (D:4)
  A gnoll bouda (D:4)
  3 orc priests
  2 iguanas
  2 orc wizards (D:7)
  4 gnolls (D:4)
  An adder (D:5)
  A white imp (D:4)
  An ufetubus (D:6)
  A worm (D:5)
  2 dart slugs
  16 orcs
  3 bats
  5 endoplasms
  3 giant cockroaches
  14 goblins
  11 hobgoblins
  2 jackals (D:4)
  14 kobolds
  A quokka (D:1)
  5 ball pythons
  3 frilled lizards
  8 rats
120 creatures vanquished.

Vanquished Creatures (collateral kills)
  A two-headed ogre (D:5)
  A bullfrog (D:7)
  A scorpion (D:6)
  A jelly (D:4)
  2 adders
  2 shadow imps (D:7)
  2 worms
  A dart slug (D:2)
  An orc (D:6)
  2 goblins
  A hobgoblin (D:2)
  3 jackals (D:2)
  3 kobolds
  A ball python (D:2)
  A bat (D:2)
  A frilled lizard (D:2)
  A rat (D:2)
25 creatures vanquished.

Vanquished Creatures (others)
  An orc (D:5)
1 creature vanquished.

Grand Total: 146 creatures vanquished

Notes
Turn   | Place    | Note
-------+----------+-------------------------------------------
     0 | D:1      | Ignak the Ogre Hedge Wizard began the quest for the Orb.
     0 | D:1      | Reached XP level 1. HP: 16/16 MP: 5/5
    94 | D:1      | Reached skill level 1 in Conjurations
    94 | D:1      | Reached skill level 1 in Translocations
   323 | D:1      | Reached XP level 2. HP: 26/26 MP: 3/6
   327 | D:1      | Learned a level 2 spell: Blink
   330 | D:1      | Learned a level 2 spell: Call Imp
   885 | D:1      | Reached skill level 1 in Fighting
  1174 | D:2      | Reached XP level 3. HP: 11/32 MP: 6/8
  1836 | D:2      | Reached skill level 1 in Unarmed Combat
  1860 | D:2      | Learned a level 3 spell: Mephitic Cloud
  1863 | D:2      | Learned a level 2 spell: Passwall
  1889 | D:2      | Noticed Sigmund
  2066 | D:2      | Found a faded altar of an unknown god.
  2447 | D:2      | Killed Sigmund
  2448 | D:2      | Reached skill level 2 in Fighting
  2448 | D:2      | Reached skill level 1 in Air Magic
  2448 | D:2      | Reached skill level 1 in Earth Magic
  2448 | D:2      | Reached XP level 4. HP: 18/42 MP: 6/10
  2448 | D:2      | Reached XP level 5. HP: 21/49 MP: 6/11
  2693 | D:3      | Reached skill level 1 in Poison Magic
  2795 | D:3      | Reached XP level 6. HP: 57/57 MP: 12/12
  3089 | D:3      | Found Buapid's Armour Emporium.
  3094 | D:3      | Bought a +0 cloak for 45 gold pieces
  3776 | D:4      | Reached skill level 1 in Maces & Flails
  3948 | D:4      | Learned a level 3 spell: Stone Arrow
  4135 | D:4      | Reached XP level 7. HP: 52/66 MP: 6/13
  4496 | D:4      | Reached skill level 3 in Fighting
  4715 | D:5      | Entered Level 5 of the Dungeon
  4974 | D:5      | Reached XP level 8. HP: 75/75 MP: 12/15
  5039 | D:5      | Reached skill level 5 in Spellcasting
  5506 | D:6      | Noticed a two-headed ogre
  5543 | D:5      | Reached skill level 4 in Fighting
  6066 | D:5      | Killed a two-headed ogre
  6067 | D:5      | Reached XP level 9. HP: 79/87 MP: 3/17
  6190 | D:6      | Reached skill level 5 in Fighting
  6693 | D:7      | Reached skill level 1 in Axes
  6693 | D:7      | Reached skill level 5 in Conjurations
  6936 | D:7      | Found a flagged portal.
  6955 | Bailey   | Entered a bailey
  6996 | Bailey   | Noticed an orc warlord
  7222 | Bailey   | Reached skill level 5 in Earth Magic
  7361 | Bailey   | Found a runed translucent gate.
  7363 | Bailey   | Found a runed translucent gate.
  7364 | Bailey   | Found a runed translucent gate.
  8123 | Bailey   | Reached skill level 9 in Fighting
  8123 | Bailey   | Reached XP level 10. HP: 107/107 MP: 18/22
  8135 | Bailey   | Identified the amulet of the Ban {Acrobat rC+ Dex+3}
  8230 | Bailey   | Killed an orc warlord
  8431 | D:6      | HP: 3/87 [wight/+2 flail (3)]
  8432 | D:6      | Slain by a wight

Illustrated notes

Levels and vault maps discovered:
D:1:      lightli_arrival_boilingwater, layout_basic
D:2:      layout_loops_ring, shapermc_ecumenical_altar_pompeii, serial_glass,
          glass_columns_a, glass_columns_c, uniq_sigmund
D:3:      layout_loops_corners, serial_shops, shop,
          wander_ebering_terrifying_dragon_lair
D:4:      cheibrodos_quashed, layout_basic, minmay_ogre_servants
D:5:      layout_cave_pools
D:6:      layout_cave_pools
D:7:      layout_rooms, okawaru_gym_becter, minmay_temple_entry_grid,
          enter_bailey_5
D:8:      layout_rooms, uniq_maggie, uniq_maurice

Skill      XL: |  1  2  3  4  5  6  7  8  9 |
---------------+----------------------------+-----
Conjurations   | 1 2 3 4 5 |  5.0
Translocations | 1 2 3 |  3.0
Dodging        | 2 3 6 |  6.9
Fighting       | 1 2 3 4 9 |  9.5
Unarmed Combat | 1 |  1.0
Spellcasting   | 4 5 8 |  8.8
Air Magic      | 1 2 |  2.0
Earth Magic    | 1 2 4 5 |  5.0
Poison Magic   | 1 2 |  2.0
Maces & Flails | 1 |  1.2
Axes           | 6 |  6.4
Stealth        | |  1.4
Summonings     | |  0.8

Action                     |  1- 3 |  4- 6 |  7- 9 | 10-12 || total
---------------------------+-------+-------+-------+-------++-------
  Melee: Dagger            |    12 |       |       |       ||    12
         Unarmed           |     9 |       |       |       ||     9
         Short sword       |    92 |       |       |       ||    92
         Halberd           |       |    91 |   105 |       ||   196
         Hand axe          |       |       |    85 |       ||    85
         Punch             |       |       |     2 |       ||     2
         Battleaxe         |       |       |       |     4 ||     4
  Throw: Large rock        |       |       |     9 |       ||     9
   Cast: Magic Dart        |     9 |       |       |       ||     9
         Call Imp          |    12 |     6 |    15 |       ||    33
         Mephitic Cloud    |     5 |     7 |    39 |     3 ||    54
         Blink             |       |     3 |    16 |     7 ||    26
         Stone Arrow       |       |       |    10 |     3 ||    13
  Evoke: Wand              |       |       |     8 |     9 ||    17
    Use: Potion            |     3 |       |     2 |     1 ||     6
         Scroll            |       |     4 |     2 |     1 ||     7
   Stab: Sleeping          |     3 |     3 |     2 |       ||     8
         Confused          |       |     2 |     8 |       ||    10
 Armour: Robe              |    49 |    31 |    64 |       ||   144
  Dodge: Dodged            |    72 |    42 |   123 |    17 ||   254

Table legend: (Time is in decaauts)
 A = Elapsed time spent in this place.
 B = Non-inter-level travel time spent in this place.
 C = Inter-level travel time spent in this place.
 D = Time resting spent in this place.
 E = Time spent auto-exploring this place.
 F = Levels seen in this place.
 G = Mean time per level.
                   A        B        C        D        E       F      G
               +--------+--------+--------+--------+--------+-----+--------+
         Total |   8565 |   8352 |    213 |   1785 |   3872 |   9 |  951.7 |
       Dungeon |   7240 |   7027 |    213 |   1280 |   3872 |   8 |  905.0 |
        Bailey |   1324 |   1324 |      0 |    505 |      0 |   1 | 1324.0 |
               +--------+--------+--------+--------+--------+-----+--------+

Top non-repeatable levels by time:
     D:4: 1478 daAuts
     D:1: 1454 daAuts
  Bailey: 1324 daAuts
     D:2: 1123 daAuts
     D:3: 1081 daAuts
     D:6: 956 daAuts
     D:5: 928 daAuts
     D:7: 216 daAuts
     D:8: 1 daAuts
